 Dungeon Crawl Stone Soup version 0.28.0-53-g5a82cb258f (webtiles) character file.

Game seed: 2503614065399090100

1718 Zeld the Fighter (level 8, -5/75 HPs)
             Began as a Minotaur Berserker on May 23, 2022.
             Was an Elder of Trog.
             Killed from afar by a steam dragon (16 damage)
             ... with a ball of steam
             ... on level 6 of the Dungeon.
             The game lasted 00:05:21 (6613 turns).

Zeld the Fighter (Minotaur Berserker)               Turns: 6613, Time: 00:05:21

Health: -5/75      AC: 12    Str: 25    XL:     8   Next: 75%
Magic:  7/7        EV:  8    Int:  4    God:    Trog [****..]
Gold:   280        SH:  0    Dex:  9    Spells: 7/7 levels left

rFire   . . .      SeeInvis .   a - +0 hand axe
rCold   . . .      Faith    .   (no shield)
rNeg    . . .      Spirit   .   h - +0 plate armour
rPois   .          Reflect  .   (helmet restricted)
rElec   .          Harm     .   (no cloak)
rCorr   .          Rampage  .   (no gloves)
Will    .....                   (no boots)
Stlth   ..........              (no amulet)
HPRegen 0.22/turn               (no ring)
MPRegen 0.10/turn               (no ring)

@: no status effects
A: horns 2, retaliatory headbutt
a: Renounce Religion, Berserk, Trog's Hand, Brothers in Arms


You were on level 6 of the Dungeon.
You worshipped Trog.
Trog was greatly pleased with you.
You visited 1 branch of the dungeon, and saw 6 of its levels.

You collected 280 gold pieces.

Inventory:

Hand Weapons
 a - a +0 hand axe (weapon)
Armour
 h - a +0 plate armour (worn)
 n - a +0 kite shield
Wands
 i - a wand of digging (4)
Scrolls
 b - 2 scrolls of teleportation {unknown}
 c - 4 scrolls of identify {unknown}
 d - a scroll of amnesia {unknown}
 e - a scroll of enchant weapon {unknown}
 g - a scroll of summoning {unknown}
Potions
 f - 2 potions of heal wounds {unknown}
 j - a potion of invisibility {unknown}
 k - a potion of resistance {unknown}
 l - a potion of attraction {unknown}
 m - a potion of cancellation {unknown}


   Skills:
 * Level 8.6 Fighting
 * Level 8.5 Axes
 + Level 6.0 Armour
 + Level 5.3 Dodging


You had 7 spell levels left.
You didn't know any spells.
Your spell library was empty.

Dungeon Overview and Level Annotations

Branches:
Dungeon (6/15)
 Temple: D:4-7

Altars:
Dithmenos
Gozag
Qazlal

Shops:
D:1 ?


Innate Abilities, Weirdness & Mutations

You have a pair of horns on your head.
You reflexively headbutt those who attack you in melee.


Message History

You see here a necrophage corpse.
No target in view!
No target in view!
HP restored.
An ogre and a steam dragon come into view.
The ogre shouts!
The steam dragon hisses angrily.
There are monsters nearby!
There are monsters nearby!
There are monsters nearby!
You closely miss the steam dragon.
The steam dragon bites you but does no damage.
The steam dragon claws you but does no damage.
You hit the steam dragon. You headbutt the steam dragon.
The steam dragon is moderately wounded.
The steam dragon bites you but does no damage.
The steam dragon claws you but does no damage.
You barely miss the steam dragon.
The steam dragon is moderately wounded.
You hit the ogre.
The ogre hits you with a +0 giant spiked club!
The steam dragon bites you but does no damage.
The steam dragon barely misses you. The steam dragon breathes steam at you.
The ball of steam hits you!
No reachable target in view!
No reachable target in view!
The steam dragon breathes steam at you. The ball of steam hits you!
You are engulfed in a cloud of scalding steam.
The steam dragon breathes steam at you. The ball of steam hits you!!
* * * LOW HITPOINT WARNING * * *
The steam dragon breathes steam at you. The ball of steam misses you.
The steam dragon breathes steam at you. The ball of steam hits you!!
* * * LOW HITPOINT WARNING * * *
The steam dragon breathes steam at you. The ball of steam hits you!
You die...

#.#..##D# #.# #.##..# #.#.###.# #.#
#.....# #.#.# #.# #.### ####.##
#.#.###D# #...# ##'## #.......#
###.# ##...## ###.##### #.#
##.....## ##.#.# ##.## ##.......##
#...D##########...####.........##
.........OD...ยงยง@....'.........'.
#....##########...####.(.......##
##.#.# #..## ##.....<.### ###.#
#.## ##...>.##.. #.# #.# ##...###.#
#.# #.# ##+## #.# #.# ####.#####
#.# #.# ..# #........######.####.#
### #.##..............##.#


There were no monsters in sight!

Vanquished Creatures
  5 yaks
  The ghost of hawla the Firebug, an amateur FeFE (D:5)
  An ice beast (D:5)
  A necrophage (D:6)
  A phantom (D:5)
  A kobold brigand (D:6)
  A scorpion (D:5)
  A bullfrog zombie (D:5)
  A jelly (D:6)
  A hound (D:5)
  3 iguanas
  4 orc wizards
  A killer bee zombie (D:5)
  A hound skeleton (D:5)
  4 gnolls (D:5)
  6 adders
  A shadow imp (D:5)
  3 dart slugs
  15 orcs
  7 endoplasms
  4 giant cockroaches
  2 goblins
  8 hobgoblins
  6 jackals (D:5)
  7 quokkas
  8 ball pythons
  5 bats
  8 frilled lizards
  14 kobolds
  5 rats
126 creatures vanquished.

Vanquished Creatures (others)
  A worm (D:2)
1 creature vanquished.

Grand Total: 127 creatures vanquished

Notes
Turn   | Place    | Note
-------+----------+-------------------------------------------
     0 | D:1      | Zeld the Minotaur Berserker began the quest for the Orb.
     0 | D:1      | Reached XP level 1. HP: 19/19 MP: 0/0
    59 | D:1      | Reached XP level 2. HP: 27/27 MP: 1/1
   302 | D:1      | Found a faded altar of an unknown god.
   365 | D:1      | Found Wuint's Magic Scroll Shop.
   377 | D:1      | Reached ** piety under Trog
   548 | D:1      | Reached XP level 3. HP: 29/33 MP: 2/2
   883 | D:2      | Found a stormy altar of Qazlal.
  1677 | D:3      | Reached XP level 4. HP: 41/41 MP: 3/3
  2304 | D:3      | Found an opulent altar of Gozag.
  2399 | D:3      | Reached *** piety under Trog
  2882 | D:4      | Found a shadowy altar of Dithmenos.
  3163 | D:4      | Reached skill level 5 in Fighting
  3163 | D:4      | Reached skill level 5 in Axes
  3163 | D:4      | Reached XP level 5. HP: 41/48 MP: 4/4
  3520 | D:5      | Entered Level 5 of the Dungeon
  3768 | D:5      | Noticed a yak
  3768 | D:5      | Noticed a yak
  3768 | D:5      | Noticed a yak
  3768 | D:5      | Noticed a yak
  3769 | D:5      | Noticed a yak
  3820 | D:4      | Killed a yak
  3821 | D:4      | Reached XP level 6. HP: 11/57 MP: 5/5
  4082 | D:4      | Killed a yak
  4327 | D:5      | Reached XP level 7. HP: 54/63 MP: 6/6
  4404 | D:5      | Killed a yak
  4531 | D:5      | Killed a yak
  4539 | D:5      | Killed a yak
  4540 | D:5      | Reached skill level 5 in Armour
  4852 | D:5      | Reached XP level 8. HP: 71/73 MP: 7/7
  5037 | D:5      | Found a runed translucent gate.
  5038 | D:5      | Found a runed translucent gate.
  5039 | D:5      | Found a runed translucent gate.
  5040 | D:5      | Noticed hawla's ghost (amateur FeFE)
  5072 | D:5      | Reached **** piety under Trog
  5385 | D:5      | Killed hawla's ghost
  5386 | D:5      | Reached skill level 5 in Dodging
  6613 | D:6      | Killed from afar by a steam dragon

Illustrated notes

Levels and vault maps discovered:
D:1:      scummos_arrival_checkerplants, layout_rooms, serial_shops,
          nicolae_diamond_shop, hellmonk_ecumenical_altar_inner_sanctum
D:2:      layout_loops_ring, basic_altar, lemuel_flame_loot_1
D:3:      layout_loops_ring, grunt_gozag_statues
D:4:      layout_loops_ring, mainiacjoe_overflow_tiny_flanked
D:5:      layout_basic, gammafunk_ghost_split, kennysheep_generic_room_2
D:6:      layout_loops_corners, minmay_strange_pillars

Skill      XL: |  1  2  3  4  5  6  7  8 |
---------------+-------------------------+-----
Fighting       | 4 5 6 7 8 |  8.6
Axes           | 4 5 6 7 8 |  8.5
Armour         | 3 4 5 6 |  6.0
Dodging        | 3 4 5 |  5.3

Action                   |  1- 3 |  4- 6 |  7- 9 || total
-------------------------+-------+-------+-------++-------
Melee: Hand axe          |    67 |   119 |   164 ||   350
       Headbutt          |     9 |    16 |    29 ||    54
       Punch             |       |     2 |       ||     2
Armor: Animal skin       |     9 |     9 |       ||    18
       Plate armour      |       |    50 |   101 ||   151
Dodge: Dodged            |    55 |    55 |    63 ||   173
